 Dungeon Crawl Stone Soup version 0.28.0-1-gb440e238dd (webtiles) character file.

Game seed: 644196370827682006

668 Woods the Shield-Bearer (level 7, -3/63 HPs)
             Began as a Minotaur Fighter on Feb 23, 2022.
             Shot with an arrow by something (6 damage)
             ... on level 5 of the Dungeon.
             The game lasted 00:04:14 (4800 turns).

Woods the Shield-Bearer (Minotaur Fighter)          Turns: 4800, Time: 00:04:14

Health: -3/63      AC: 12    Str: 20    XL:     7   Next: 32%
Magic:  6/6        EV:  7    Int:  5    God:
Gold:   219        SH:  5    Dex: 12    Spells: 6/6 levels left

rFire   . . .      SeeInvis .   a - +0 war axe
rCold   . . .      Faith    .   c - +0 buckler
rNeg    . . .      Spirit   .   k - +0 chain mail
rPois   .          Reflect  .   g - +0 hat
rElec   .          Harm     .   p - +0 cloak
rCorr   .          Rampage  .   (no gloves)
Will    .....                   f - +0 pair of boots
Stlth   ..........              (no amulet)
HPRegen 0.20/turn               n - ring of wizardry
MPRegen 0.10/turn               (no ring)

@: no status effects
A: horns 2, retaliatory headbutt
a: no special abilities


You were on level 5 of the Dungeon.
You visited 1 branch of the dungeon, and saw 5 of its levels.

You collected 219 gold pieces.

Inventory:

Hand Weapons
 a - a +0 war axe (weapon)
Armour
 c - a +0 buckler (worn)
 f - a +0 pair of boots (worn)
 g - a +0 hat (worn)
 k - a +0 chain mail (worn)
 p - a +0 cloak (worn)
Jewellery
 n - a ring of wizardry (left hand)
Wands
 t - a wand of digging (5)
Scrolls
 b - 3 scrolls of brand weapon {unknown}
 e - a scroll of fear {unknown}
 h - 3 scrolls of identify {unknown}
 i - a scroll of magic mapping {unknown}
 j - a scroll of summoning {unknown}
 m - a scroll of blinking {unknown}
 o - 2 scrolls of teleportation {unknown}
 q - a scroll of holy word {unknown}
Potions
 d - 2 potions of might
 l - a potion of flight {unknown}
 r - 3 potions of attraction {unknown}
 s - a potion of curing {unknown}
 u - a potion of lignification {unknown}


   Skills:
 + Level 6.0 Fighting
 + Level 5.3 Axes
 + Level 6.0 Armour
 + Level 6.0 Shields


You had 6 spell levels left.
You didn't know any spells.
Your spell library contained the following spells:

 Spells                   Type           Power      Damage    Failure   Level
 Summon Guardian Golem    Hex/Summ       0%         N/A       99%         3
 Orb of Destruction       Conj           0%         9d5       100%        7
 Spellforged Servitor     Conj/Summ      0%         N/A       100%        7


Dungeon Overview and Level Annotations

Branches:
Dungeon (5/15)
 Temple: D:4-7

Altars:

Shops:
D:3 *   D:4 [


Innate Abilities, Weirdness & Mutations

You have a pair of horns on your head.
You reflexively headbutt those who attack you in melee.


Message History

The bullfrog skeleton is heavily damaged.
You hear a twanging sound.
An arrow appears from out of thin air!
The arrow hits you.
You block the bullfrog skeleton's attack.
You hear a twanging sound.
An arrow appears from out of thin air!
The arrow hits you. The bullfrog skeleton hits you. The quokka bites you.
You hear a twanging sound.
An arrow appears from out of thin air!
The arrow hits you.
The bullfrog skeleton hits you but does no damage.
You hit the bullfrog skeleton but do no damage.
The bullfrog skeleton is heavily damaged.
The bullfrog skeleton hits you.
You slash the quokka!
You kill the quokka!
The bullfrog skeleton hits you but does no damage.
You slash the bullfrog skeleton! You headbutt the bullfrog skeleton.
The bullfrog skeleton is almost destroyed.
The bullfrog skeleton hits you but does no damage.
You barely miss the bullfrog skeleton. You headbutt the bullfrog skeleton.
You destroy the bullfrog skeleton!
You hear a twanging sound.
An arrow appears from out of thin air!
The arrow hits you but does no damage.
Your Fighting skill increases to level 6!
Your Armour skill increases to level 6!
Your Shields skill increases to level 6!
You hear a twanging sound.
An arrow appears from out of thin air!
The arrow hits you.
You hear a twanging sound.
An arrow appears from out of thin air!
The arrow hits you!
* * * LOW HITPOINT WARNING * * *
You hear a twanging sound.
An arrow appears from out of thin air!
The arrow hits you.
* * * LOW HITPOINT WARNING * * *
An arrow appears from out of thin air!
The arrow hits you but does no damage.
An arrow appears from out of thin air!
The arrow hits you but does no damage.
An arrow appears from out of thin air!
The arrow hits you!
* * * LOW HITPOINT WARNING * * *
An arrow appears from out of thin air!
The arrow hits you.
You die...

#.8†# #...# ##.##
##.## ### ...
#...##...## .....
+.8)'..8.># .....
#...##...## ......
#######.#######
......###.....@.....#
....................#
......#.............#
.........†..........#
..?..#.†###.....#####
#####..†..##....#
#.#..)}#....#
#.#....#...)#
#.##...####..#


There were no monsters in sight!

Vanquished Creatures
  Sigmund (D:4)
  An ice beast (D:5)
  A centaur (D:5)
  Blork the orc (D:4)
  A water moccasin skeleton (D:5)
  A hound (D:5)
  A bullfrog skeleton (D:5)
  Terence (D:3)
  6 adders
  A howler monkey zombie (D:5)
  An adder skeleton (D:4)
  A worm (D:2)
  3 dart slugs
  An orc (D:5)
  7 endoplasms
  5 giant cockroaches
  6 goblins
  3 hobgoblins
  3 jackals
  3 kobolds
  3 quokkas
  6 ball pythons
  3 bats (D:3)
  6 frilled lizards
  A quokka skeleton (D:4)
  3 rats
70 creatures vanquished.

Notes
Turn   | Place    | Note
-------+----------+-------------------------------------------
     0 | D:1      | Woods the Minotaur Fighter began the quest for the Orb.
     0 | D:1      | Reached XP level 1. HP: 19/19 MP: 0/0
   268 | D:1      | Reached XP level 2. HP: 24/27 MP: 1/1
   828 | D:2      | Found a faded altar of an unknown god.
   926 | D:2      | Reached XP level 3. HP: 33/33 MP: 2/2
  1346 | D:2      | Reached XP level 4. HP: 40/40 MP: 3/3
  1838 | D:3      | Found Tehifakh's General Store.
  2032 | D:3      | Noticed Terence
  2038 | D:3      | Killed Terence
  2914 | D:4      | Reached XP level 5. HP: 47/47 MP: 4/4
  2976 | D:4      | Noticed Sigmund
  2985 | D:4      | Killed Sigmund
  2986 | D:4      | Reached skill level 5 in Fighting
  2986 | D:4      | Reached skill level 5 in Armour
  2986 | D:4      | Reached skill level 5 in Shields
  2986 | D:4      | Reached XP level 6. HP: 45/56 MP: 5/5
  3660 | D:4      | Found Omyic's Armour Boutique.
  3818 | D:4      | Noticed Blork the orc
  3828 | D:4      | Killed Blork the orc
  4591 | D:5      | Entered Level 5 of the Dungeon
  4641 | D:5      | Noticed an ice beast
  4646 | D:5      | Killed an ice beast
  4723 | D:5      | Reached skill level 5 in Axes
  4723 | D:5      | Reached XP level 7. HP: 54/62 MP: 6/6
  4799 | D:5      | HP: 3/63 [something (8)]
  4800 | D:5      | Shot with an arrow by something

Illustrated notes

Levels and vault maps discovered:
D:1:      dpeg_arrival_arbitrary_a, layout_loops_ring
D:2:      layout_rooms, hellmonk_ecumenical_altar_lost_god
D:3:      layout_loops_cross, serial_shops, shop, chequers_garden, uniq_terence
D:4:      layout_basic, serial_shops, nicolae_shop_trees,
          minmay_misc_feat_tower, uniq_blork_the_orc, uniq_sigmund
D:5:      layout_basic, mainiacjoe_overflow_chevrons, grunt_ministairs_5,
          minmay_bent, uniq_edmund

Skill      XL: |  1  2  3  4  5  6  7 |
---------------+----------------------+-----
Shields        | 4 5 6 |  6.0
Fighting       | 4 5 6 |  6.0
Armour         | 4 5 6 |  6.0
Axes           | 3 4 5 |  5.3

Action                   |  1- 3 |  4- 6 |  7- 9 || total
-------------------------+-------+-------+-------++-------
Melee: War axe           |    55 |    78 |    26 ||   159
       Headbutt          |     6 |    11 |     4 ||    21
  Use: Potion            |       |     2 |       ||     2
Armor: Scale mail        |    20 |     3 |       ||    23
       Chain mail        |       |    43 |    21 ||    64
Dodge: Dodged            |    33 |    29 |     5 ||    67
Block: Buckler           |     7 |    23 |     3 ||    33
